 Dungeon Crawl Stone Soup version 0.31-a0-319-g4fced400ed (webtiles) character file.

Game seed: 9572199427215187450

7 porpoise the Shooter (level 2, -1/18 HPs)
             Began as a Kobold Hunter on July 17, 2023.
             Slain by a quokka (3 damage)
             ... on level 1 of the Dungeon.
             The game lasted 00:01:23 (168 turns).

porpoise the Shooter (Kobold Hunter)                 Turns: 168, Time: 00:01:23

Health: -1/18      AC:  3    Str:  8    XL:     2   Next: 10%
Magic:  2/2        EV: 14    Int: 10    God:
Gold:   19         SH:  0    Dex: 18    Spells: 1/1 levels left

rFire   . . .        a - +0 shortbow
rCold   . . .        (shield currently unavailable)
rNeg    . . .        c - +0 leather armour
rPois   .            (no helmet)
rElec   .            (no cloak)
rCorr   .            (no gloves)
SInv    .            (no boots)
Will    .....        (no amulet)
Stlth   +++          (no ring)
HPRegen 0.23/turn    (no ring)
MPRegen 0.08/turn

%: no passive effects
@: attractive
A: small, no large weapons, nightstalker 3
a: no special abilities


You were on level 1 of the Dungeon.
You visited 1 branch of the dungeon, and saw 2 of its levels.

You collected 19 gold pieces.

Inventory:

Hand Weapons
 a - a +0 shortbow (weapon)
Armour
 c - a +0 leather armour (worn)
Scrolls
 b - a scroll of butterflies
 d - a scroll of teleportation {unknown}
 e - a scroll of enchant armour {unknown}
 f - a scroll of poison {unknown}


   Skills:
 + Level 2.4 Fighting
 * Level 5.6 Ranged Weapons
 - Level 2.4 Dodging
 + Level 1.9 Stealth


You had one spell level left.
You didn't know any spells.
Your spell library was empty.

Dungeon Overview and Level Annotations

Branches:
Dungeon (2/15)

Altars:

Shops:
D:2 =


Innate Abilities, Weirdness & Mutations

You are small and have problems with some larger weapons.
You are completely attuned to the shadows.


Message History

You have reached level 2!
You now have 19 gold pieces (gained 8).
A kobold and a gnoll come into view.
Found a robe.
You shoot an arrow. The arrow hits the gnoll.
The gnoll shouts!
The gnoll is lightly wounded.
The kobold shouts!
You hear a shout!
You shoot an arrow. The arrow hits the gnoll.
The gnoll is heavily wounded.
A quokka comes into view.
The gnoll barely misses you.
You shoot an arrow. The arrow hits the kobold.
You kill the kobold!
The gnoll closely misses you.
You shoot an arrow.
The arrow hits the gnoll but does no damage.
The gnoll is heavily wounded.
The gnoll closely misses you.
You shoot an arrow. The arrow barely misses the quokka.
The arrow barely misses the gnoll.
The quokka closely misses you.
The gnoll hits you from afar with a +0 spear.
You shoot an arrow.
The arrow hits the quokka but does no damage.
The quokka closely misses you.
The gnoll hits you from afar with a +0 spear!
The quokka bites you but does no damage.
You are too injured to fight recklessly!
You shoot an arrow. The arrow closely misses the quokka.
The arrow barely misses the gnoll.
The gnoll hits you from afar with a +0 spear.
* * * LOW HITPOINT WARNING * * *
The quokka barely misses you.
It was a potion of attraction.
You feel attractive to monsters. The gnoll misses you.
The quokka closely misses you.
You shoot an arrow. The arrow misses the quokka.
The arrow hits the gnoll.
The gnoll is almost dead.
The quokka closely misses you. The gnoll misses you. The quokka bites you.
You die...

##.#.##..#
.........#
##.#.##.##
#.#.##.# ##
.......# ##.
.....### #..
......##
######..
.......######..
###...###.
......##..@rg..
##.......##
...........)...
#.........#
....###......[
#.........'
###. ######..
#.........# #.
.. ##.......##
###...####
#####... ....
....


You could see a gnoll and a quokka.

Vanquished Creatures
  A bat (D:1)
  An endoplasm (D:1)
  2 hobgoblins (D:2)
  A kobold (D:1)
  A frilled lizard (D:1)
6 creatures vanquished.

Notes
Turn   | Place    | Note
-------+----------+-------------------------------------------
     0 | D:1      | porpoise the Kobold Hunter began the quest for the Orb.
     0 | D:1      | Reached XP level 1. HP: 12/12 MP: 1/1
    51 | D:1      | You fall into a shaft and drop 1 floor!
    51 | D:2      | Found Siunath's Jewellery Shop.
   134 | D:1      | Reached XP level 2. HP: 18/18 MP: 2/2
   168 | D:1      | Slain by a quokka

Illustrated notes

Levels and vault maps discovered:
D:1:      dpeg_arrival_three_bigger_balls, layout_loops_cross
D:2:      layout_loops_cross, serial_shops, nicolae_shop_gaudy_bauble,
          corexii_hall_statues_l

Action                     || total
---------------------------++-------
   Fire: Shortbow          ||    16
    Use: Potion            ||     1
 Armour: Leather armour    ||     1
  Dodge: Dodged            ||    11

Table legend: (Time is in decaauts)
 A = Elapsed time spent in this place.
 B = Non-inter-level travel time spent in this place.
 C = Inter-level travel time spent in this place.
 D = Time resting spent in this place.
 E = Time spent auto-exploring this place.
 F = Levels seen in this place.
 G = Mean time per level.
                   A        B        C        D        E       F      G
               +--------+--------+--------+--------+--------+-----+--------+
         Total |    170 |    170 |      0 |      0 |    130 |   2 |   85.0 |
       Dungeon |    170 |    170 |      0 |      0 |    130 |   2 |   85.0 |
               +--------+--------+--------+--------+--------+-----+--------+

Top non-repeatable levels by time:
     D:1: 135 daAuts
     D:2: 34 daAuts
